 Dungeon Crawl Stone Soup version 0.28.0 (webtiles) character file.

Game seed: 12448705301280494549

193 crazypyro the Cudgeller (level 5, -5/54 HPs)
             Began as an Ogre Monk on Feb 14, 2022.
             Was a Priest of Makhleb.
             Slain by an ogre (15 damage)
             ... on level 4 of the Dungeon.
             The game lasted 00:03:17 (3839 turns).

crazypyro the Cudgeller (Ogre Monk)                 Turns: 3839, Time: 00:03:18

Health: -5/54      AC:  6    Str: 17    XL:     5   Next: 72%
Magic:  6/6        EV: 10    Int:  8    God:    Makhleb [***...]
Gold:   86         SH:  0    Dex: 14    Spells: 4/4 levels left

rFire   . . .      SeeInvis .   s - +0 flail
rCold   + . .      Faith    .   (no shield)
rNeg    . . .      Spirit   .   b - +0 robe
rPois   .          Reflect  .   (helmet restricted)
rElec   .          Harm     .   r - +2 cloak of the Robin {rC+ Int-3 Dex+3}
rCorr   +          Rampage  .   (gloves unavailable)
Will    .....                   (boots unavailable)
Stlth   ++........              o - amulet of the acrobat
HPRegen 0.18/turn               d - ring of resist corrosion
MPRegen 0.10/turn               (no ring)

@: no status effects
A: large, unfitting armour, tough skin 1
a: Renounce Religion, Minor Destruction, Lesser Servant of Makhleb


You were on level 4 of the Dungeon.
You worshipped Makhleb.
Makhleb was most pleased with you.
You visited 1 branch of the dungeon, and saw 4 of its levels.

You collected 122 gold pieces.
You spent 36 gold pieces at shops.

Inventory:

Hand Weapons
 a - a +0 mace
 s - a +0 flail (weapon)
Armour
 b - a +0 robe (worn)
 r - the +2 cloak of the Robin (worn) {rC+ Int-3 Dex+3}
   (You found it on level 3 of the Dungeon)

   Int:       It affects your intelligence (-3).
   Dex:       It affects your dexterity (+3).
   rC:        It protects you from cold.
Jewellery
 d - a ring of resist corrosion (left hand)
 o - an amulet of the acrobat (around neck)
Wands
 q - a wand of iceblast (6)
Scrolls
 e - a scroll of holy word {unknown}
 g - a scroll of identify {unknown}
 j - a scroll of immolation {unknown}
 k - a scroll of vulnerability {unknown}
 m - a scroll of enchant armour {unknown}
 n - 4 scrolls of teleportation {unknown}
 p - a scroll of fear {unknown}
Potions
 c - 3 potions of attraction {unknown}
 f - a potion of cancellation {unknown}
 h - 6 potions of curing
 i - a potion of ambrosia {unknown}
 l - a potion of lignification {unknown}


   Skills:
 - Level 4.0 Fighting
 * Level 4.5 Maces & Flails
 - Level 1.8 Armour
 - Level 2.7 Dodging
 - Level 1.4 Stealth
 + Level 2.3 Invocations


You had 4 spell levels left.
You didn't know any spells.
Your spell library contained the following spells:

 Spells                   Type           Power      Damage    Failure   Level
 Slow                     Hex            0%         N/A       41%         1
 Corpse Rot               Necr/Air       0%         N/A       54%         2
 Poisonous Vapours        Pois/Air       0%         N/A       54%         2
 Static Discharge         Conj/Air       0%         N/A       54%         2
 Confusing Touch          Hex            0%         N/A       78%         3
 Inner Flame              Hex/Fire       0%         N/A       78%         3
 Tukima's Dance           Hex            0%         N/A       78%         3
 Vampiric Draining        Necr           0%         2d6       78%         3
 Anguish                  Hex/Necr       0%         N/A       99%         4
 Cause Fear               Hex            0%         N/A       99%         4
 Lightning Bolt           Conj/Air       0%         1d11      100%        5
 Dispersal                Tloc           0%         N/A       100%        6
 Enfeeble                 Hex            0%         N/A       100%        7
 Discord                  Hex            0%         N/A       100%        8
 Disjunction              Tloc           0%         N/A       100%        8
 Maxwell's Capacitive Co  Air            0%         ∞         100%        8


Dungeon Overview and Level Annotations

Branches:
Dungeon (4/15)
 Temple: D:4-7

Altars:
Makhleb
Uskayaw

Shops:
D:3 [!   D:4 *

Annotations:
D:2 1 runed translucent door, Crazy Yiuf


Innate Abilities, Weirdness & Mutations

You are too large for most types of armour.
You have tough skin. (AC +1)


Message History

The giant cockroach is heavily wounded.
The giant cockroach barely misses you.
You hit the giant cockroach.
You kill the giant cockroach!
Makhleb accepts your kill.
No target in view!
You open the door.
There is an open door here.
You open the door.
There is an open door here.
Found a hide-covered altar of Uskayaw.
You now have 86 gold pieces (gained 11).
You open the door.
There is an open door here.
You pick up a book of Vapours and begin reading...
You add the spells Poisonous Vapours and Corpse Rot to your library.
An ogre is nearby!
There is an open door here.
Okay, then.
The ogre shouts!
There is an open door here.
The ogre closely misses you.
You barely miss the ogre. The ogre barely misses you.
You barely miss the ogre. The ogre barely misses you.
You sock the ogre!
The ogre is moderately wounded.
The ogre closely misses you.
You hit the ogre.
The ogre is moderately wounded.
You hit the ogre.
The ogre is heavily wounded.
The ogre hits you with a +0 giant spiked club!!
You barely miss the ogre.
The ogre is heavily wounded.
The ogre hits you with a +0 giant spiked club!!
* * * LOW HITPOINT WARNING * * *
You hit the ogre but do no damage.
The ogre is heavily wounded.
The ogre hits you with a +0 giant spiked club!
You die...

.#####...............#
.#...#...............#
.#...#...............#
.##..#...............##
..#..##....#######....#
..'...#....#.....'....#
..#...'....'.....#....#
..#...#....#....O#....#
..#+###....#..##@#....#
#..........#..##'######
#...>......#.......#
'..........#.......#
#..........#..####.####
..##########..####.##.######
..# #........#..........#
..# #........#..........#
..# #........#..........#


You could see an ogre.

Vanquished Creatures
  A centaur zombie (D:3)
  A hound (D:4)
  4 adders
  4 gnolls (D:3)
  2 worms
  A dart slug (D:2)
  An orc (D:3)
  5 endoplasms
  5 giant cockroaches
  5 goblins
  3 hobgoblins
  4 jackals
  5 kobolds
  2 quokkas (D:1)
  2 ball pythons (D:1)
  3 bats
  3 frilled lizards
  5 rats
56 creatures vanquished.

Notes
Turn   | Place    | Note
-------+----------+-------------------------------------------
     0 | D:1      | crazypyro the Ogre Monk began the quest for the Orb.
     0 | D:1      | Reached XP level 1. HP: 24/24 MP: 1/1
   309 | D:1      | Reached XP level 2. HP: 29/32 MP: 2/2
   382 | D:1      | Found a faded altar of an unknown god.
   571 | D:1      | Prayed at the altar of an unknown god.
   571 | D:1      | Became a worshipper of Makhleb the Destroyer
   571 | D:1      | Reached * piety under Makhleb
   571 | D:1      | Reached ** piety under Makhleb
  1209 | D:1      | Reached XP level 3. HP: 26/39 MP: 3/3
  1216 | D:1      | Reached skill level 1 in Armour
  1385 | D:2      | Reached *** piety under Makhleb
  1589 | D:2      | Reached skill level 1 in Invocations
  1665 | D:2      | Reached XP level 4. HP: 36/48 MP: 4/4
  2414 | D:2      | Found a runed translucent door.
  2415 | D:2      | Noticed Crazy Yiuf
  2432 | D:3      | Found Kiakhod's Distillery.
  2449 | D:3      | Bought a potion of curing for 36 gold pieces
  2966 | D:3      | Reached XP level 5. HP: 54/54 MP: 6/6
  3010 | D:3      | Found Ulashen's Antique Armour Emporium.
  3514 | D:3      | Identified the +2 cloak of the Robin {rC+ Int-3 Dex+3}
  3680 | D:4      | Found Tuonnaol's CLEARANCE SALE!.
  3759 | D:4      | Noticed an ogre
  3788 | D:4      | Noticed a +0 hand axe
  3789 | D:4      | Found a hide-covered altar of Uskayaw.
  3789 | D:4      | Noticed a +0 dagger
  3839 | D:4      | Slain by an ogre

Illustrated notes

Levels and vault maps discovered:
D:1:      ncdulo_wetmaze, layout_loops_ring, ebering_ecumenical_altar_petrified
D:2:      layout_rooms, serial_rivers, chequers_serial_rivers_micro_d,
          chequers_serial_rivers_large_b, chequers_serial_rivers_micro_d,
          chequers_serial_rivers_small_3, uniq_crazy_yiuf_cottage
D:3:      layout_basic, serial_shops, shop, nicolae_shop_hallway_stairs
D:4:      layout_gridville, dancing_weapons_uskayaw, kennysheep_nondescript,
          nicolae_shop_clearance, uniq_natasha

Skill      XL: |  1  2  3  4  5 |
---------------+----------------+-----
Maces & Flails | 3 4 |  4.5
Armour         | 1 |  1.8
Invocations    | 1 2 |  2.3
Fighting       | |  4.0
Dodging        | |  2.7
Stealth        | |  1.4

Action                   |  1- 3 |  4- 6 || total
-------------------------+-------+-------++-------
Melee: Mace              |   117 |    95 ||   212
       Punch             |     3 |     2 ||     5
       Flail             |       |     9 ||     9
 Stab: Sleeping          |       |     1 ||     1
Armor: Robe              |    36 |    28 ||    64
Dodge: Dodged            |    89 |    90 ||   179
